 Dungeon Crawl Stone Soup version 0.28.0-1-gb440e238dd (webtiles) character file.

Game seed: 6903428389548341776

189 mcwallace the Chiller (level 5, -3/40 HPs)
             Began as a Barachi Ice Elementalist on Feb 21, 2022.
             Killed by nerve-wracking pain
             ... invoked by Grinder
              (10 damage)
             ... on level 3 of the Dungeon.
             The game lasted 00:05:07 (2540 turns).

mcwallace the Chiller (Barachi Ice Elementalist)    Turns: 2540, Time: 00:05:08

Health: -3/40      AC:  2    Str:  9    XL:     5   Next: 68%
Magic:  5/10       EV: 13    Int: 18    God:
Gold:   62         SH:  0    Dex: 12    Spells: 3/10 levels left

rFire   . . .      SeeInvis .   k - +0 spear (venom) {polearm}
rCold   . . .      Faith    .   (no shield)
rNeg    . . .      Spirit   .   a - +0 robe
rPois   .          Reflect  .   (no helmet)
rElec   .          Harm     .   (no cloak)
rCorr   .          Rampage  .   (no gloves)
Will    .....                   (no boots)
Stlth   ++........              (no amulet)
HPRegen 0.13/turn               (no ring)
MPRegen 0.12/turn               (no ring)

@: slow
A: amphibious, slowness 1, strong legs 1, +LOS
a: Hop


You were on level 3 of the Dungeon.
You visited 1 branch of the dungeon, and saw 3 of its levels.

You collected 62 gold pieces.


Innate Abilities, Weirdness & Mutations

You are amphibious.
You cover ground slowly.
You can hop short distances.
You have an extended range of vision and can be seen from far away.


   Skills:
 + Level 2.9 Fighting
 + Level 3.6 Dodging
 - Level 1.7 Stealth
 + Level 3.4 Spellcasting
 + Level 5.8 Ice Magic


You had 3 spell levels left.
You knew the following spells:

 Your Spells              Type           Power      Damage    Failure   Level
a - Freeze                Ice            96%        1d11      1%          1
b - Frozen Ramparts       Ice            48%        1d6       4%          3
c - Ozocubu's Armour      Ice            24%        N/A       4%          3

Your spell library contained the following spells:

 Spells                   Type           Power      Damage    Failure   Level
 Hailstorm                Conj/Ice       13%        3d5       43%         4

Inventory:

Hand Weapons
 d - a +0 dagger {short}
   (You took it off a goblin on level 1 of the Dungeon)
 k - a +0 spear of venom (weapon) {polearm}
   (You took it off a gnoll on level 2 of the Dungeon)
Missiles
 b - 70 stones {throwing}
 f - 60 bolts
Armour
 a - a +0 robe (worn)
Scrolls
 c - a scroll of enchant weapon {unknown}
 g - a scroll of amnesia {unknown}
 h - 2 scrolls of teleportation {unknown}
 i - a scroll of enchant armour {unknown}
 l - a scroll of vulnerability {unknown}
Potions
 e - 2 potions of heal wounds {unknown}
 j - 2 potions of curing {unknown}
 m - a potion of lignification {unknown}

Dungeon Overview and Level Annotations

Branches:
Dungeon (3/15)

Altars:

Annotations:
D:3 Grinder

.##############
........<<.†..#
####..........#
#..........#
#..........# #
##5.........#
#5######@..#########
#.....#..###
...!..#.....##
.S!.....#####
.[...... ###.#..
...#.# ### .. #g#


You could see Grinder.


Message History

You reach to attack!
You hit Grinder but do no damage.
Grinder completely resists.
The wall freezes Grinder but does no damage.
Grinder gestures at you.
You suddenly lose the ability to move!
Grinder completely resists.
The wall freezes Grinder but does no damage.
Grinder gestures at you.
You barely resist.
You can move again.
Reach: k) +0 spear (venom) {polearm}
Press: ? - help, Dir - move target, f/p - Grinder
Aim: Grinder (heavily wounded, very poisoned, about 43% to evade your +0 spear of venom)
You reach to attack!
You barely miss Grinder.
Grinder completely resists.
The wall freezes Grinder but does no damage.
Reach: k) +0 spear (venom) {polearm}
Press: ? - help, Dir - move target, f/p - Grinder
Aim: Grinder (heavily wounded, poisoned, about 43% to evade your +0 spear of venom)
You hit Grinder but do no damage.
Grinder completely resists.
The wall freezes Grinder but does no damage.
Grinder barely misses you. 😕 HP[+1] Reach: k) +0 spear (venom) {polearm}
Press: ? - help, Dir - move target, f/p - Grinder
Aim: Grinder (heavily wounded, poisoned, about 43% to evade your +0 spear of venom)
You hit Grinder.
The frozen ramparts melt away.
Grinder hits you!
You writhe in agony.
Grinder closely misses you. 😮 HP[-10]
You take 10 damage, and now have 28/40 hp.
MASSIVE DAMAGE!! (PAUSE)
Casting: Frozen Ramparts (dangerous; 4% risk of failure)
Confirm with . or Enter, or press ? or * to list all spells.
Casting: Frozen Ramparts (dangerous; 4% risk of failure)
Press: ? - help, Dir - look around, f - activate The walls around you are covered in ice.
Grinder completely resists.
The wall freezes Grinder but does no damage.
Grinder gestures at you.
You suddenly lose the ability to move!
Grinder completely resists.
The wall freezes Grinder but does no damage.
Grinder hits you!
* * * LOW HITPOINT WARNING * * *
Grinder completely resists.
The wall freezes Grinder but does no damage.
Grinder gestures at you.
You shrug off the repeated paralysis!
Grinder completely resists.
The wall freezes Grinder but does no damage.
Grinder hits you but does no damage.
You can move again. 😨 HP[-10] MP[-2]
You take 10 damage, and now have 18/40 hp.
MASSIVE DAMAGE!! (PAUSE)
You lost 2 mp, and now have 4/10 mp.
Reach: k) +0 spear (venom) {polearm}
Press: ? - help, Dir - move target, f - Grinder
Aim: Grinder (severely wounded, poisoned, about 43% to evade your +0 spear of venom)
You hit Grinder.
Grinder resists.
The wall freezes Grinder.
Grinder hits you!
* * * LOW HITPOINT WARNING * * *
You writhe in agony.
* * * LOW HITPOINT WARNING * * *
😱 HP[-12]
You take 12 damage, and now have 6/40 hp.
MASSIVE DAMAGE!! (PAUSE) Reach: k) +0 spear (venom) {polearm}
Press: ? - help, Dir - move target, f/p - Grinder
Aim: Grinder (severely wounded, poisoned, about 43% to evade your +0 spear of venom)
You barely miss Grinder.
Grinder completely resists.
The wall freezes Grinder but does no damage.
Grinder gestures at you.
You barely resist. 😱 HP[+1] Reach: k) +0 spear (venom) {polearm}
Press: ? - help, Dir - move target, f/p - Grinder
Aim: Grinder (severely wounded, poisoned, about 43% to evade your +0 spear of venom)
You hit Grinder.
Grinder looks more healthy.
Grinder resists.
The wall freezes Grinder.
Grinder says, "I used to sell toenails on the black market."
Grinder misses you.
Reach: k) +0 spear (venom) {polearm}
Press: ? - help, Dir - move target, f/p - Grinder
Aim: Grinder (almost dead, about 43% to evade your +0 spear of venom)
You closely miss Grinder.
Grinder resists.
The wall freezes Grinder.
Grinder closely misses you.
Reach: k) +0 spear (venom) {polearm}
Press: ? - help, Dir - move target, f/p - Grinder
Aim: Grinder (almost dead, about 43% to evade your +0 spear of venom)
You closely miss Grinder.
The frozen ramparts melt away.
Grinder grins, showing sharp teeth.
Grinder gestures at you.
You resist with significant effort. 😱 MP[+1] Reach: k) +0 spear (venom) {polearm}
Press: ? - help, Dir - move target, f/p - Grinder
Aim: Grinder (almost dead, about 43% to evade your +0 spear of venom)
You hit Grinder. Grinder gestures at you. Pain shoots through your body!
You die...

Skill      XL: |  1  2  3  4 |
---------------+-------------+-----
Ice Magic      | 5 |  5.8
Fighting       | 1 2 |  2.9
Dodging        | 3 |  3.6
Spellcasting   | 3 |  3.4
Stealth        | |  1.7

Action                   |  1- 3 |  4- 6 || total
-------------------------+-------+-------++-------
Melee: Dagger            |    33 |     2 ||    35
       Unarmed           |     2 |       ||     2
       Punch             |     1 |       ||     1
       Spear             |       |    34 ||    34
 Cast: Freeze            |    25 |     1 ||    26
       Frozen Ramparts   |     1 |    12 ||    13
Armor: Robe              |     8 |     4 ||    12
Dodge: Dodged            |    41 |    11 ||    52

Levels and vault maps discovered:
D:1:      minmay_arrival_semitransparent, layout_rooms, basic_ecumenical_altar
D:2:      layout_basic
D:3:      layout_rooms, mainiacjoe_overflow_alcove_1, serial_shops, shop, shop,
          nicolae_shop_advertising_works [nicolae_subvault_shop_adworks], shop,
          uniq_grinder

Notes
Turn   | Place    | Note
-------+----------+-------------------------------------------
     0 | D:1      | mcwallace the Barachi Ice Elementalist began the quest for
                  | the Orb.
     0 | D:1      | Reached XP level 1. HP: 13/13 MP: 3/3
     0 | D:1      | magus.rc [v1.9.6]
   284 | D:1      | Reached XP level 2. HP: 11/20 MP: 1/5
   296 | D:1      | HP: 5/20 [giant cockroach (2)]
   304 | D:1      | HP: 5/20 [giant cockroach (1)]
   308 | D:1      | Reached skill level 5 in Ice Magic
   676 | D:1      | Reached skill level 1 in Fighting
   812 | D:1      | Found a faded altar of an unknown god.
  1247 | D:2      | Reached XP level 3. HP: 20/26 MP: 3/6
  1251 | D:2      | Learned a level 3 spell: Frozen Ramparts
  1255 | D:2      | Learned a level 3 spell: Ozocubu's Armour
  1375 | D:2      | Reached skill level 3 in Dodging
  1375 | D:2      | Reached XP level 4. HP: 15/33 MP: 3/8
  1380 | D:2      | Reached skill level 2 in Fighting
  1715 | D:2      | Reached skill level 3 in Spellcasting
  1740 | D:2      | HP: 4/33 [gnoll (8)]
  1741 | D:2      | HP: 1/33 [gnoll (3)]
  1742 | D:2      | Reached XP level 5. HP: 1/39 MP: 3/9
  2504 | D:3      | Noticed Grinder
  2511 | D:3      | Paralysed by Grinder for 3 turns
  2526 | D:3      | Paralysed by Grinder for 2 turns
  2531 | D:3      | Paralysed by Grinder for 4 turns
  2535 | D:3      | HP: 9/40 [Grinder (9)]
  2540 | D:3      | Killed from afar by Grinder

Vanquished Creatures
  A gnoll shaman (D:2)
  2 adders (D:2)
  11 gnolls (D:2)
  2 dart slugs
  2 bats (D:1)
  3 endoplasms
  2 giant cockroaches (D:1)
  4 goblins
  A hobgoblin (D:3)
  3 jackals (D:2)
  3 ball pythons
  2 kobolds (D:2)
  3 rats
39 creatures vanquished.

Table legend:
 A = Non-vault XP
 B = Vault XP
 C = Vault XP percentage of total XP
 D = Non-vault monster count
 E = Vault monster count
 F = Vault count percentage of total count
                 A         B        C        D         E       F
            +---------+---------+-------+---------+---------+-------
      Total |     270 |       0 |   0.0 |      39 |       0 |   0.0
            +---------+---------+-------+---------+---------+-------
        D:1 |      19 |       0 |   0.0 |       9 |       0 |   0.0
        D:2 |     244 |       0 |   0.0 |      26 |       0 |   0.0
        D:3 |       7 |       0 |   0.0 |       4 |       0 |   0.0
            +---------+---------+-------+---------+---------+-------

Illustrated notes

Table legend:
 A = Kills in this place as a percentage of kills in entire the game.
 B = Kills by you in this place as a percentage of kills by you in the entire game.
 C = Kills by friends in this place as a percentage of kills by friends in the entire game.
 D = Other kills in this place as a percentage of other kills in the entire game.
 E = Experience gained in this place as a percentage of experience gained in the entire game.
 F = Experience gained in this place divided by the number of levels of this place that you have seen.
                   A       B       C       D       E      F
               +-------+-------+-------+-------+-------+----------------------
         Total | 100.0 | 100.0 |   N/A |   N/A | 100.0 |  90.0
       Dungeon | 100.0 | 100.0 |   N/A |   N/A | 100.0 |  90.0
               +-------+-------+-------+-------+-------+----------------------

Table legend: (Time is in decaauts)
 A = Elapsed time spent in this place.
 B = Non-inter-level travel time spent in this place.
 C = Inter-level travel time spent in this place.
 D = Time resting spent in this place.
 E = Time spent auto-exploring this place.
 F = Levels seen in this place.
 G = Mean time per level.
                   A        B        C        D        E       F      G
               +--------+--------+--------+--------+--------+-----+--------+
         Total |   2746 |   2716 |     30 |    501 |   1909 |   3 |  915.3 |
       Dungeon |   2746 |   2716 |     30 |    501 |   1909 |   3 |  915.3 |
               +--------+--------+--------+--------+--------+-----+--------+

Top non-repeatable levels by time:
     D:2: 1655 daAuts
     D:1: 975 daAuts
     D:3: 116 daAuts
